AoeStats
← Sid

Arabia

507657628Analyzed
2v2 RM · 13d ago on Sep 19, 2026· 29m 37s· 4 players
Game mode
Random Map
Map size
Medium (4 player)
Population
200
Speed
Normal
Resources
Standard
Victory
Conquest
Starting age
Dark Age
Ending age
Imperial Age
RankedLock teamsTeams togetherTeam positionsShared explorationLock speedFull tech treeHidden civsTurbo modeCheats
Victory
Defeat
🇯🇵 Italians · Japan
1279
+11
🇯🇵 Poles · Japan
1259
+12
🇯🇵 Persians · Japan
1193
-12
🇻🇳 Magyars · Vietnam
1156
-11
kazeleon
5:01 Loom
19:26 Feudal Age
22:39 Horse Collar
24:15 Fletching
wang_03
7:44 Loom
10:12 Feudal Age
12:49 Double-Bit Axe
18:09 Horse Collar
22:14 Town Watch
23:23 Scale Barding Armor
25:19 Castle Age
23:43 Bloodlines
23:42 Gold Mining
28:21 Heavy Plow
fumin
7:21 Loom
9:37 Feudal Age
17:36 Double-Bit Axe
28:47 Castle Age
27:09 Fletching
28:26 Town Watch
28:23 Horse Collar
28:33 Gold Mining
Sid
6:43 Loom
9:00 Feudal Age
13:11 Horse Collar
15:07 Double-Bit Axe
19:31 Wheelbarrow
19:41 Forging
23:18 Castle Age
24:09 Bloodlines
23:51 Gold Mining
24:07 Scale Barding Armor
23:35 Light Cavalry
24:17 Husbandry
24:24 Town Watch
24:09 Pikeman
24:58 Stone Mining
26:36 Squires
26:23 Arson
27:54 Heavy Plow
29:04 Scale Mail Armor
29:25 Chain Barding Armor
Connection lost

Rejoining the realm…

Still unreachable

The connection could not be restored.

Session expired

The server has moved on; the page needs a fresh start.